 Dungeon Crawl Stone Soup version 0.26.1-11-gd32895ea62 (webtiles) character file.

Game seed: 10941252588890324337

2793 Cykl0x the Carver (level 9, 0/77 HPs)
             Began as a Minotaur Fighter on May 31, 2021.
             Was a Follower of the Shining One.
             Slain by an eight-headed hydra (4 damage)
             ... on level 7 of the Dungeon.
             The game lasted 00:09:51 (6491 turns).

Cykl0x the Carver (Minotaur Fighter)                Turns: 6491, Time: 00:09:51

Health: 0/77       AC: 16    Str: 24    XL:     9   Next: 43%
Magic:  11/11      EV:  8    Int:  7    God:    the Shining One [*.....]
Gold:   140        SH: 16    Dex: 10    Spells: 8/8 levels left

rFire    + . .     SeeInvis .   g - +1 dagger (venom)
rCold    + . .     Faith    .   y - +0 tower shield
rNeg     . . .     Spirit   .   u - +2 scale mail {rC+}
rPois    .         Reflect  .   (helmet restricted)
rElec    +         Harm     .   q - +1 cloak {rCorr}
rCorr    +         Rampage  .   (no gloves)
Will     .....                  (no boots)
Stlth    ..........             (no amulet)
HPRegen  0.22/turn              v - ring "Qiegg" {rElec AC+4 Int+2}
MPRegen  0.12/turn              A - ring of protection from fire

@: glowing
A: retaliatory headbutt, horns 2
a: Renounce Religion


You were on level 7 of the Dungeon.
You worshipped the Shining One.
The Shining One was aware of your devotion.
You visited 2 branches of the dungeon, and saw 8 of its levels.

You collected 403 gold pieces.
You spent 263 gold pieces at shops.

Inventory:

Hand Weapons
 a - a +1 long sword
 g - a +1 dagger of venom (weapon)
Missiles
 i - 150 stones (quivered)
Armour
 q - a +1 cloak of preservation (worn)
 u - a +2 scale mail of cold resistance (worn)
 y - a +0 tower shield (worn)
Jewellery
 v - the ring "Qiegg" (left hand) {rElec AC+4 Int+2}
   (You found it on level 5 of the Dungeon)

   [ring of protection]

   It affects your AC (+4).
   It affects your intelligence (+2).
   It insulates you from electricity.
 A - a ring of protection from fire (right hand)
Wands
 j - a wand of polymorph (4)
 n - a wand of flame (34)
 r - a wand of iceblast (3)
 s - a wand of random effects (37)
 w - a wand of digging (6)
 z - a wand of enslavement (11)
Scrolls
 e - 3 scrolls of blinking
 f - 5 scrolls of remove curse
 h - 4 scrolls of teleportation
 k - 2 scrolls of enchant armour
 p - 3 scrolls of enchant weapon
 t - 6 scrolls of identify
Potions
 b - a potion of curing
 c - 2 potions of haste
 d - 2 potions of might
 l - 3 potions of heal wounds {unknown}
 m - a potion of lignification {unknown}
 o - a potion of magic {unknown}
 x - 2 potions of brilliance {unknown}
 B - a potion of attraction {unknown}


   Skills:
 + Level 6.3 Fighting
 + Level 8.8 Long Blades
 + Level 3.2 Throwing
 + Level 6.4 Armour
 + Level 4.3 Dodging
 + Level 7.0 Shields
 * Level 4.8 Invocations


You had 8 spell levels left.
You didn't know any spells.
Your spell library was empty.

Dungeon Overview and Level Annotations

Branches:
Dungeon (7/15)             Temple (1/1) D:5

Altars:
Ashenzari
Cheibriados
Dithmenos
Elyvilon
Gozag
Hepliaklqana
Kikubaaqudgha
Nemelex Xobeh
Okawaru
Qazlal
Uskayaw
Xom
Yredelemnul
Zin
The Shining One

Shops:
D:4 [   D:5 [


Innate Abilities, Weirdness & Mutations

You reflexively headbutt those who attack you in melee.
You have a pair of horns on your head.


Message History

You hit the eight-headed hydra but do no damage.
The eight-headed hydra is almost dead.
The eight-headed hydra misses you. The eight-headed hydra bites you!
* * * LOW HITPOINT WARNING * * *
The eight-headed hydra bites you.
* * * LOW HITPOINT WARNING * * *
You block the eight-headed hydra's attack.
The eight-headed hydra barely misses you.
The eight-headed hydra bites you but does no damage. x2
The eight-headed hydra bites you!
* * * LOW HITPOINT WARNING * * *
You hit the eight-headed hydra.
The eight-headed hydra is almost dead.
You block the eight-headed hydra's attack.
The eight-headed hydra bites you but does no damage.
You block the eight-headed hydra's attack.
The eight-headed hydra bites you but does no damage.
The eight-headed hydra barely misses you.
The eight-headed hydra bites you.
You die...

.#. .. ... #.# # #. ..#.# #
#. ..#.#.# .#. ..... ...
#.# ... . .#. #.#
#####.##.... ...
#.###...@D...(.. .......
#.#.............. .......
#.#.......##..[.. .......
#.#.####..##.#...##.#.##.
###.#.###..........##.#.##.
#...........##.#.#.##.#.##.
###.........##.#.#.##.#.##.
###.###...##.#...........
#.# #........#.##.#.##.


You could see an eight-headed hydra (very poisoned).

Vanquished Creatures
  Pikel (D:5)
  Grinder (D:5)
  Eustachio (D:5)
  Edmund (D:4)
  An orc warrior (D:6)
  An ice beast (D:6)
  2 ogres
  A phantom (D:6)
  2 lemures (D:5)
  4 centaurs
  A big kobold (D:7)
  4 bullfrogs
  A wyvern zombie (D:7)
  A scorpion (D:5)
  A howler monkey (D:6)
  A hound (D:5)
  4 orc priests
  2 orc wizards (D:3)
  A bullfrog skeleton (D:7)
  A centaur skeleton (D:3)
  An iguana (D:4)
  Ijyb (D:4)
  3 worker ants
  A killer bee zombie (D:5)
  A hound skeleton (D:6)
  Robin (D:4)
  2 howler monkey zombies (D:5)
  4 gnolls (D:5)
  5 adders
  An ufetubus (D:7)
  An ooze (D:1)
  An adder skeleton (D:5)
  A worm (D:2)
  7 leopard geckos
  11 orcs
  A ball python (D:1)
  5 bats
  11 giant cockroaches
  6 hobgoblins
  16 jackals
  6 quokkas
  A frilled lizard (D:2)
  A giant cockroach zombie (D:6)
  15 goblins
  11 kobolds
  A leopard gecko zombie (D:5)
  2 quokka skeletons (D:4)
  8 rats
157 creatures vanquished.

Notes
Turn   | Place    | Note
-------+----------+-------------------------------------------
     0 | D:1      | Cykl0x the Minotaur Fighter began the quest for the Orb.
     0 | D:1      | Reached XP level 1. HP: 19/19 MP: 0/0
   173 | D:1      | Reached XP level 2. HP: 21/27 MP: 1/1
   920 | D:2      | Reached skill level 1 in Dodging
  1016 | D:2      | Reached XP level 3. HP: 24/33 MP: 2/2
  1458 | D:2      | Reached skill level 3 in Long Blades
  1468 | D:2      | Found an iron altar of Okawaru.
  1770 | D:3      | Reached XP level 4. HP: 40/40 MP: 3/3
  2041 | D:3      | Reached skill level 4 in Long Blades
  2041 | D:3      | Reached XP level 5. HP: 46/46 MP: 4/4
  2941 | D:4      | Found Yzunill's Armour Shop.
  2944 | D:4      | Bought a +1 cloak of preservation for 214 gold pieces
  3064 | D:4      | Noticed Robin
  3076 | D:4      | Killed Robin
  3170 | D:4      | Reached XP level 6. HP: 52/53 MP: 5/5
  3176 | D:4      | Noticed Ijyb
  3188 | D:4      | Killed Ijyb
  3189 | D:4      | Reached skill level 1 in Throwing
  3247 | D:4      | Noticed Edmund
  3263 | D:4      | Killed Edmund
  3264 | D:4      | Reached skill level 5 in Long Blades
  3426 | D:4      | Found a white marble altar of Elyvilon.
  3434 | D:4      | Became a worshipper of Elyvilon the Healer
  3729 | D:5      | Entered Level 5 of the Dungeon
  3740 | D:5      | Reached XP level 7. HP: 54/60 MP: 6/6
  3754 | D:5      | Reached skill level 5 in Shields
  3754 | D:5      | Reached skill level 1 in Invocations
  3763 | D:5      | Reached skill level 5 in Armour
  3774 | D:5      | Got a slimy platinum ring
  3776 | D:5      | Identified the ring "Qiegg" {rElec AC+4 Int+2} (You found
                  | it on level 5 of the Dungeon)
  3971 | D:5      | Reached skill level 6 in Long Blades
  3976 | D:5      | Reached skill level 5 in Fighting
  4048 | D:5      | Noticed Pikel
  4066 | D:5      | Killed Pikel
  4067 | D:5      | Reached XP level 8. HP: 32/68 MP: 7/9
  4136 | D:5      | Noticed Grinder
  4149 | D:5      | Paralysed by Grinder for 6 turns
  4155 | D:5      | Reached * piety under Elyvilon
  4157 | D:5      | Killed Grinder
  4158 | D:5      | Reached skill level 7 in Long Blades
  4382 | D:5      | Found Datamots's Armour Emporium.
  4385 | D:5      | Bought a +0 tower shield for 49 gold pieces
  4435 | D:5      | Found a staircase to the Ecumenical Temple.
  4444 | Temple   | Entered the Ecumenical Temple
  4454 | Temple   | Fell from the grace of Elyvilon
  4454 | Temple   | Became a worshipper of the Shining One
  4482 | D:5      | Noticed Eustachio
  4498 | D:5      | Killed Eustachio
  4512 | D:5      | Found an iron altar of Okawaru.
  4931 | D:6      | Found a snail-covered altar of Cheibriados.
  5320 | D:6      | Reached XP level 9. HP: 75/75 MP: 11/11
  5441 | D:6      | Reached * piety under the Shining One
  5478 | D:6      | Reached skill level 8 in Long Blades
  6477 | D:7      | Noticed an eight-headed hydra
  6491 | D:7      | Slain by an eight-headed hydra

Illustrated notes

Levels and vault maps discovered:
D:1:      matt_arrival_los_fun, layout_basic, minivault_11,
          minmay_misc_feat_alley
D:2:      layout_loops_ring, okawaru_trees_1
D:3:      layout_loops_cross, nrook_campfire
D:4:      layout_basic, serial_shops, kennysheep_mini_moat, elyvilon_altar_1,
          uniq_robin, uniq_edmund, uniq_ijyb
D:5:      layout_cave_pools, kennysheep_little_box, minmay_temple_entry_glass,
          serial_shops, kennysheep_mini, hex_large, uniq_pikel, uniq_eustachio,
          uniq_grinder
D:6:      layout_gridville, basic_altar
D:7:      layout_basic
Temple:   dpeg_three_leaves_temple

Skill      XL: |  1  2  3  4  5  6  7  8  9 |
---------------+----------------------------+-----
Fighting       | 4 5 6 |  6.3
Shields        | 4 5 6 7 |  7.0
Armour         | 4 5 6 |  6.4
Dodging        | 1 2 3 4 |  4.3
Long Blades    | 3 4 5 6 7 8 |  8.8
Throwing       | 1 2 3 |  3.2
Invocations    | 2 4 |  4.8

Action                   |  1- 3 |  4- 6 |  7- 9 || total
-------------------------+-------+-------+-------++-------
Melee: Long sword        |    86 |   135 |   191 ||   412
       Headbutt          |    13 |    17 |    44 ||    74
       Dagger            |       |       |     8 ||     8
Throw: Stone             |    15 |    61 |    66 ||   142
Evoke: Wand              |       |       |     3 ||     3
  Use: Scroll            |     5 |     3 |     6 ||    14
       Potion            |       |     2 |       ||     2
Armor: Scale mail        |    34 |    48 |    80 ||   162
Dodge: Dodged            |    28 |    50 |    63 ||   141
Block: Kite shield       |    51 |    59 |    39 ||   149
       Tower shield      |       |       |   150 ||   150
       Rpst.: Long sword |     9 |    15 |    12 ||    36
